 Dungeon Crawl Stone Soup version 0.18-a0-1293-g5a2c81a (webtiles) character file.

65 Legolas the Sneak (level 3, -1/25 HPs)
             Began as a High Elf Assassin on Feb 11, 2016.
             Was an Initiate of the Shining One.
             Slain by a gnoll
             ... wielding a +0 flail
              (10 damage)
             ... on level 2 of the Dungeon.
             The game lasted 00:12:30 (2561 turns).

Legolas the Sneak (High Elf Assassin)               Turns: 2561, Time: 00:12:30

Health: -1/25      AC:  9    Str: 11    XL:     3   Next: 92%
Magic:  4/4        EV: 11    Int: 15    God:    the Shining One [......]
Gold:   63         SH:  3    Dex: 16    Spells: 0 memorised, 2 levels left

rFire  . . .     SeeInvis .     p - +2 mace (protect)
rCold  . . .     Gourm    .     g - +0 leather armour
rNeg   . . .     Faith    .     h - +0 buckler
rPois  .         Spirit   .     (no helmet)
rElec  .         Dismiss  .     d - +0 cloak
rCorr  .         Reflect  .     (no gloves)
SustAt .         Harm     .     (no boots)
MR     .....                    (no amulet)
Stlth  +++.......               (no ring)
                                (no ring)

@: not resistant to hostile enchantments, fairly stealthy
A: no striking features
a: Renounce Religion


You were on level 2 of the Dungeon.
You worshipped the Shining One.
The Shining One was noncommittal.
You were not hungry.

You visited 1 branch of the dungeon, and saw 2 of its levels.

You collected 63 gold pieces.

Inventory:

Hand Weapons
 a - a +2 dagger
 b - a +0 blowgun
 j - a +0 short sword
 p - a +2 mace of protection (weapon)
 q - a +0 dagger
Missiles
 e - 8 poisoned needles
 f - 2 curare-tipped needles
 m - 35 stones (quivered)
 w - 9 arrows
Armour
 c - a +0 robe
 d - a +0 cloak (worn)
 g - a +0 leather armour (worn)
 h - a +0 buckler (worn)
Jewellery
 l - an uncursed ring of wizardry {unknown}
Scrolls
 k - a scroll of enchant armour {unknown}
 n - a scroll of blinking {unknown}
 o - a scroll of identify {unknown}
 u - a scroll of fear {unknown}
Potions
 r - a potion of heal wounds {unknown}
 s - a potion of mutation {unknown}
 v - a potion of cure mutation {unknown}
Comestibles
 i - 2 fruits
 t - a chunk of flesh


   Skills:
 + Level 2.4 Fighting
 + Level 2.7 Short Blades
 + Level 0.2 Maces & Flails
 + Level 2.0 Throwing
 + Level 1.4 Dodging
 + Level 5.8 Stealth


You had 2 spell levels left.
You didn't know any spells.

Dungeon Overview and Level Annotations

Branches:
Dungeon (2/15)

Altars:
The Shining One


Message History

The rat bites you. The gnoll barely misses you. The gnoll hits you with a club.
The rat misses you.
You barely miss the gnoll.
The gnoll is lightly wounded.
The gnoll hits you. The gnoll closely misses you.
The rat bites you but does no damage. The gnoll hits you.
You thump the gnoll!
The gnoll is severely wounded.
The gnoll hits you but does no damage. The rat misses you.
You block the gnoll's attack.
You hit the gnoll.
You kill the gnoll!
The rat bites you but does no damage. The gnoll hits you.
The rat barely misses you. The gnoll hits you but does no damage.
Your shield prevents you from hitting the gnoll.
The gnoll barely misses you. The rat barely misses you. The gnoll hits you.
You hit the gnoll.
The gnoll is lightly wounded.
The rat completely misses you. The gnoll hits you with a flail!
You die...

..............#
.....#........###
..........^.....###
.....#............###
.....#........#.#...##
.....#...........##..##
.....#........#..# ...#
.....####.#####..#...?#
.....# #.# #.@r[...#
....## #.# #...gg......
......##.....<.. .#####
###...>.. #. ...... #.
...... ..... .....


You could see 2 gnolls and a rat.

Vanquished Creatures
  A worker ant (D:1)
  A gnoll (D:2)
  2 giant geckos (D:1)
  2 giant cockroaches (D:1)
  4 goblins (D:1)
  4 hobgoblins (D:1)
  8 kobolds (D:1)
  A ball python (D:2)
  3 bats
  3 rats
29 creatures vanquished.

Notes
Turn   | Place    | Note
--------------------------------------------------------------
     0 | D:1      | Legolas the High Elf Assassin began the quest for the Orb.
     0 | D:1      | Reached XP level 1. HP: 14/14 MP: 2/2
   311 | D:1      | Reached XP level 2. HP: 19/19 MP: 3/3
   327 | D:1      | Reached skill level 5 in Stealth
   399 | D:1      | Found a glowing golden altar of the Shining One.
   539 | D:1      | Became a worshipper of the Shining One
  1920 | D:1      | Reached XP level 3. HP: 18/24 MP: 4/4
  2561 | D:2      | Slain by a gnoll

Vault maps used:
D:1:      minmay_arrival_wavy_path, tso_metal_star
D:2:      kennysheep_minor_cross, minivault_25

Action                   || total
-------------------------++-------
Melee: Dagger            ||    28
       Mace              ||    51
 Stab: Sleeping          ||     5
       Distracted        ||     1
  Eat: Bread ration      ||     2
